 Dungeon Crawl Stone Soup version 0.21-a0-584-g185da8e (webtiles) character file.

27575 tsouns the Spear-Bearer (level 13, -9/135 HPs)
             Began as an Octopode Fighter on Dec 21, 2017.
             Was an Initiate of Gozag.
             Engulfed by a cloud of flame (15 damage)
             ... in a volcano.
             The game lasted 01:04:59 (18852 turns).

tsouns the Spear-Bearer (Octopode Fighter)         Turns: 18852, Time: 01:05:00

Health: -9/135     AC:  1    Str: 21    XL:     13   Next: 33%
Magic:  19/19      EV: 16    Int: 17    God:    Gozag
Gold:   775        SH: 15    Dex: 11    Spells: 6/20 levels left

rFire    . . .     SeeInvis .   a - +1 trident (freeze)
rCold    . . .     Gourm    .   b - +3 shield
rNeg     + . .     Faith    .   (helmet restricted)
rPois    .         Spirit   .   l - amulet of rage
rElec    .         Reflect  .   t - +2 ring of intelligence
rCorr    .         Harm     .   c - ring of positive energy
MR       .....                  (no ring)
Stlth    ..........             (no ring)
HPRegen  0.32/turn              (no ring)
MPRegen  0.16/turn              (no ring)
                                (no ring)
                                (no ring)

@: berserking, gold aura, very quick
A: almost no armour, stealthy swim, amphibious, 8 rings, constrict 8, camouflage
1, gelatinous body 1
a: Potion Petition, Call Merchant, Bribe Branch, Renounce Religion, Evoke
Berserk Rage


You were in a volcano.
You worshipped Gozag.
Gozag was pleased with you.
You were not hungry.

You visited 2 branches of the dungeon, and saw 14 of its levels.
You also visited: Volcano.

You collected 3525 gold pieces.
You spent 958 gold pieces at shops.
You paid 1792 gold pieces to Gozag.

Inventory:

Hand Weapons
 a - a +1 trident of freezing (weapon)
 y - the +8 trident of Foul Odors {chaos, rPois}
   (You acquired it on level 6 of the Dungeon)

   Each time it hits an enemy it has a different, random effect.
   It protects you from poison.
 J - a +0 blowgun
Missiles
 g - 6 curare-tipped needles
 h - 357 stones (quivered)
 k - 24 tomahawks
 o - 91 poisoned needles
 w - 8 needles of confusion
 C - a throwing net
Armour
 b - a +3 shield (worn)
Jewellery
 c - a ring of positive energy (right tentacle)
 l - an amulet of rage (around mantle)
 t - a +2 ring of intelligence (left tentacle)
 E - an uncursed amulet of guardian spirit
 I - the amulet of Knowledge {Faith Int+7 Dex+2}
   (You found it on level 9 of the Dungeon)

   [amulet of faith]

   It allows you to gain divine favour quickly.
   It affects your intelligence (+7).
   It affects your dexterity (+2).
 N - an uncursed ring of ice
Wands
 n - a wand of clouds (2)
 u - a wand of scattershot (7)
 v - a wand of acid (5)
 B - a wand of paralysis (10)
 D - a wand of flame (8)
 L - a wand of random effects (59)
Scrolls
 e - 5 scrolls of fog
 j - 4 scrolls of amnesia
 p - 3 scrolls of fear
 s - 4 scrolls of teleportation
 x - a scroll of blinking
 F - a scroll of remove curse
 H - 3 scrolls of magic mapping
 P - a scroll of immolation
 U - a scroll of identify
Potions
 f - 3 potions of heal wounds
 i - 3 potions of cancellation
 m - a potion of might
 q - 2 potions of mutation
 r - 9 potions of flight
 z - 5 potions of haste
 A - 3 potions of lignification
 K - 3 potions of invisibility
 M - 2 potions of curing
 Q - a potion of brilliance
 R - a potion of agility
 T - a potion of ambrosia
 V - a potion of resistance {unknown}
Books
 O - a book of Callings

   Spells                             Type                      Level
   a - Summon Small Mammal            Summoning                    1
   b - Call Imp                       Summoning                    2
   c - Call Canine Familiar           Summoning                    3
   d - Summon Guardian Golem          Hexes/Summoning              3
   e - Summon Lightning Spire         Summoning/Air                4
   f - Summon Ice Beast               Ice/Summoning                4
Miscellaneous
 G - a lamp of fire (inert)
 S - a fan of gales
Comestibles
 d - 11 rations


   Skills:
 + Level 9.0 Fighting
 + Level 12.9 Polearms
 + Level 8.6 Dodging
 + Level 5.0 Stealth
 + Level 11.8 Shields
 - Level 4.0 Spellcasting
 - Level 4.5 Summonings
 + Level 3.1 Evocations


You had 6 spell levels left.
You knew the following spells:

 Your Spells              Type           Power        Failure   Level  Hunger
a - Freeze                Ice            #...         24%         1    None
b - Summon Small Mammal   Summ           ###.         3%          1    None
c - Call Imp              Summ           ###.....     5%          2    ##.....
d - Call Canine Familiar  Summ           ###.....     11%         3    ###....
e - Summon Ice Beast      Ice/Summ       ##......     67%         4    ####...
f - Summon Guardian Gole  Hex/Summ       ##......     28%         3    ###....


Dungeon Overview and Level Annotations

Branches:
Dungeon (10/15)            Temple (0/1) D:6            Lair (4/6) D:10
  Swamp: Lair:2-4    Shoals: Lair:2-4     Snake: Lair:2-4    Spider: Lair:2-4
    Orc: D:9-12

Altars:
Ashenzari
Cheibriados
Elyvilon
Gozag
Hepliaklqana
Makhleb
Nemelex Xobeh
Okawaru
Ru
Sif Muna
Wu Jian
Xom
The Shining One

Shops:
D:9 *   Lair:2 *

Annotations:
Lair:2 exclusion: 4 oklob plants


Innate Abilities, Weirdness & Mutations

You cannot wear most types of armour.
You are very stealthy in the water. (Stealth+)
You are amphibious.
You can wear up to eight rings at the same time.
You can use your tentacles to constrict eight enemies at once.
Your skin changes colour to match your surroundings (Stealth+).
Your rubbery body absorbs attacks. (AC +1, EV +1)


Message History

You block the steam dragon's attack. The steam dragon claws you.
The fire crab bites you!
You are engulfed in flames!
The fire crab claws you!
* * * LOW HITPOINT WARNING * * *
You are engulfed in flames!
* * * LOW HITPOINT WARNING * * *
You hit the fire crab but do no damage. You squeeze the fire crab!
You kill the fire crab!
Your Fighting skill increases to level 9!
Your Stealth skill increases to level 5!
You are engulfed in blazing flames.
* * * LOW HITPOINT WARNING * * *
Unknown command.
You impale the steam dragon!! You freeze the steam dragon.
You kill the steam dragon!
You are engulfed in blazing flames.
* * * LOW HITPOINT WARNING * * *
Unknown command.
You are engulfed in blazing flames.
You die...
Your body crumbles into a pile of gold.

.# .)[ #### .# #..
#.#∩. .##.# .[$h #
#.#.##..#
∩..####.#.#...#
#$h...##....#
#####§.....##
####§##....∩∩..#
#§§@§§§####.........
#.§§§§§##
#......###. ########
..######.. [[. ..#
#∩.# (# #.# # ##


There were no monsters in sight!

Vanquished Creatures
  A stone giant (D:9)
  Fannar (D:10)
  A hydra (Lair:3)
  A centaur warrior (D:9)
  2 two-headed ogres
  Sonja (Lair:4)
  A fire crab (Volcano)
  4 elephants (Lair:3)
  A centaur zombie (D:8)
  2 black mambas
  Psyche (D:10)
  5 spiny frogs
  3 komodo dragons
  A rime drake (Lair:1)
  A troll (D:10)
  7 polar bears (Lair:2)
  Grinder (D:4)
  The ghost of wintastic the Spear-Bearer, an amateur MfSk (D:5)
  A blink frog (Lair:2)
  6 hippogriffs
  8 spriggans (Lair:1)
  Eustachio (D:4)
  A wraith (D:10)
  4 wyverns
  3 fire bats (Lair:4)
  12 yaks
  2 basilisks
  A steam dragon (Volcano)
  A naga (D:7)
  A vampire mosquito (Lair:2)
  An insubstantial wisp (Lair:2)
  6 water moccasins
  5 porcupines
  2 acid dragons (D:10)
  A hell hound (Volcano)
  10 black bears
  2 sky beasts (D:6)
  5 orc warriors
  A swamp drake (Lair:2)
  5 phantoms
  2 ice beasts
  7 ogres
  5 wolves (Lair:3)
  4 centaurs
  5 crocodiles
  Blork the orc (D:6)
  13 bullfrogs
  3 big kobolds
  8 killer bees
  A scorpion (D:9)
  3 wights (D:7)
  4 howler monkeys
  A bullfrog zombie (D:4)
  6 crimson imps
  A quasit (D:5)
  4 jellies
  A bullfrog skeleton (D:10)
  Crazy Yiuf (D:4)
  11 orc priests
  4 hounds
  16 orc wizards
  4 iguanas
  6 worker ants
  A killer bee zombie (D:9)
  A hound skeleton (D:5)
  4 gnolls (D:10)
  A howler monkey skeleton (D:7)
  9 adders
  3 shadow imps
  3 oozes
  An adder zombie (D:8)
  2 adder skeletons
  3 worms
  5 leopard geckos
  58 orcs
  7 giant cockroaches
  7 goblins
  8 hobgoblins
  27 jackals
  5 quokkas
  A ball python (D:1)
  3 bats (D:1)
  4 frilled lizards
  18 kobolds
  7 rats
  A plant (Lair:2)
404 creatures vanquished.

Vanquished Creatures (others)
  A fungus (Lair:2)
  9 plants
10 creatures vanquished.

Grand Total: 414 creatures vanquished

Notes
Turn   | Place    | Note
-------+----------+-------------------------------------------
     0 | D:1      | tsouns the Octopode Fighter began the quest for the Orb.
     0 | D:1      | Reached XP level 1. HP: 16/16 MP: 1/1
    90 | D:1      | Reached XP level 2. HP: 21/21 MP: 2/2
   310 | D:1      | Reached XP level 3. HP: 18/26 MP: 3/3
  1450 | D:3      | Reached skill level 3 in Polearms
  1518 | D:3      | Found an opulent altar of Gozag.
  1526 | D:3      | Became a worshipper of Gozag Ym Sagoz the Greedy
  1606 | D:3      | Reached XP level 4. HP: 29/31 MP: 4/4
  1742 | D:3      | Reached XP level 5. HP: 19/36 MP: 5/5
  1941 | D:3      | Found a hazy altar of Hepliaklqana.
  1941 | D:3      | Found an ornate altar of the Wu Jian Council.
  2053 | D:3      | Reached skill level 4 in Polearms
  2121 | D:3      | Reached XP level 6. HP: 39/43 MP: 6/6
  2425 | D:3      | Found a burning altar of Makhleb.
  2526 | D:4      | Noticed Grinder
  2601 | D:4      | Noticed Eustachio
  2616 | D:4      | Killed Eustachio
  2616 | D:4      | Reached XP level 7. HP: 41/48 MP: 7/7
  2749 | D:4      | Reached skill level 5 in Polearms
  2759 | D:4      | Killed Grinder
  2858 | D:4      | Found a runed door.
  2863 | D:4      | Noticed Crazy Yiuf
  2866 | D:4      | Killed Crazy Yiuf
  3237 | D:5      | Entered Level 5 of the Dungeon
  3240 | D:5      | Found a sparkling altar of Nemelex Xobeh.
  3291 | D:5      | Reached skill level 6 in Polearms
  3291 | D:5      | Reached skill level 5 in Dodging
  3291 | D:5      | Reached skill level 5 in Shields
  3291 | D:5      | Reached XP level 8. HP: 35/54 MP: 8/8
  3381 | D:5      | Reached skill level 5 in Fighting
  3801 | D:5      | Found a white marble altar of Elyvilon.
  3802 | D:5      | Found a shimmering altar of Xom.
  3802 | D:5      | Noticed wintastic's ghost (amateur MfSk)
  3803 | D:5      | Found a glowing golden altar of the Shining One.
  3803 | D:5      | Found an iron altar of Okawaru.
  4071 | D:5      | Killed wintastic's ghost
  4135 | D:5      | Found a sacrificial altar of Ru.
  4344 | D:6      | Reached skill level 7 in Polearms
  4427 | D:6      | Reached XP level 9. HP: 26/62 MP: 9/9
  4717 | D:6      | Found a deep blue altar of Sif Muna.
  4741 | D:6      | Noticed Blork the orc
  5086 | D:6      | Killed Blork the orc
  5086 | D:6      | Reached skill level 8 in Polearms
  5142 | D:6      | Found a staircase to the Ecumenical Temple.
  5278 | D:6      | Identified a scroll of acquirement
  5279 | D:6      | Got a faintly glowing trident
  5280 | D:6      | Identified the +8 trident of Foul Odors {chaos, rPois} (You acquired it on level 6 of the Dungeon)
  5370 | D:6      | Identified Sif Muna's Handbook of Snow
  5377 | D:6      | Learned a level 1 spell: Freeze
  5971 | D:7      | Reached skill level 9 in Polearms
  5981 | D:7      | Noticed a two-headed ogre
  6020 | D:7      | Killed a two-headed ogre
  6020 | D:7      | Reached skill level 10 in Polearms
  6020 | D:7      | Reached XP level 10. HP: 22/68 MP: 4/10
  7623 | D:8      | Found a shattered altar of Ashenzari.
  7820 | D:8      | Reached skill level 11 in Polearms
  8056 | D:8      | Found a glowing golden altar of the Shining One.
  8851 | D:9      | Found a snail-covered altar of Cheibriados.
  8889 | D:9      | Noticed a centaur warrior
  8900 | D:9      | Killed a centaur warrior
  8900 | D:9      | Reached XP level 11. HP: 31/74 MP: 4/11
  8953 | D:9      | Bought a lamp of fire for 640 gold pieces
  8953 | D:9      | Bought a potion of haste for 160 gold pieces
  8953 | D:9      | Bought a scroll of magic mapping for 56 gold pieces
  9083 | D:9      | Got a brightly glowing bronze amulet
  9144 | D:9      | Identified the amulet of Knowledge {Faith Int+7 Dex+2} (You found it on level 9 of the Dungeon)
  9222 | D:9      | Reached skill level 1 in Evocations
  9491 | D:9      | Noticed a stone giant
  9499 | D:9      | Killed a stone giant
  9935 | D:10     | Entered Level 10 of the Dungeon
  9955 | D:10     | Noticed Psyche
  9970 | D:10     | Killed Psyche
 10605 | D:10     | Reached skill level 12 in Polearms
 10605 | D:10     | Reached skill level 1 in Stealth
 11147 | D:10     | Noticed Fannar
 11330 | D:10     | Killed Fannar
 11625 | D:10     | Noticed a two-headed ogre
 11904 | D:10     | Killed a two-headed ogre
 12075 | D:10     | Found a staircase to the Lair.
 12143 | Lair:1   | Entered Level 1 of the Lair of Beasts
 12198 | Lair:1   | Reached XP level 12. HP: 82/82 MP: 14/14
 12441 | Lair:1   | Reached skill level 10 in Shields
 13559 | Lair:1   | Learned a level 1 spell: Summon Small Mammal
 13562 | Lair:1   | Learned a level 2 spell: Call Imp
 13808 | Lair:2   | Reached skill level 1 in Spellcasting
 13808 | Lair:2   | Reached skill level 1 in Summonings
 13815 | Lair:2   | Learned a level 3 spell: Call Canine Familiar
 14293 | Lair:2   | Found the +8 glaive of the Guard {elec, +Rage AC+5 SInv}
 14470 | Lair:2   | Learned a level 4 spell: Summon Ice Beast
 15517 | Lair:2   | HP: 3/84 [polar bear (15)]
 16195 | Lair:2   | Bought 2 potions of curing for 102 gold pieces
 16636 | Lair:3   | Reached XP level 13. HP: 47/89 MP: 19/19
 18248 | Lair:4   | Noticed Sonja
 18256 | Lair:4   | Killed Sonja
 18733 | Lair:4   | Found a dark tunnel.
 18781 | Lair:4   | Learned a level 3 spell: Summon Guardian Golem
 18832 | Volcano  | Entered a volcano
 18850 | Volcano  | Reached skill level 5 in Stealth
 18851 | Volcano  | HP: 6/135 [something (10)]
 18852 | Volcano  | Engulfed by a cloud of flame

Vault maps used:
D:1:      roderic_chinese_lattice_arrival
D:3:      nicolae_overflow_crystal_walls, amethyst_overflow_temple_binary,
          bloody_makhleb
D:4:      first_ration, uniq_grinder, uniq_crazy_yiuf_cottage, uniq_eustachio
D:5:      grunt_temple_overflow_open, basic_altar
D:6:      corexii_shack_village, led_sif_book, minmay_temple_entry_large_hall,
          uniq_blork_the_orc
D:7:      grunt_ogre_cave
D:8:      evilmike_ruin_ashenzari, serial_glass, glass_columns_a,
          glass_columns_c, item_on_display_a, tso_altar
D:9:      overflow_temple_1_default, kennysheep_just_a_vault
D:10:     erik_lair_dragon, uniq_fannar, uniq_psyche
Lair:1:   kb_forest_paths, minivault_23
Lair:2:   beast_lair_carwin_large_4, pond, grunt_megastairs_3,
          minmay_lair_oklob_chamber, lemuel_fruit_tree
Lair:3:   minivault_19, serial_bayou_shore_b, grunt_megastairs_2
Lair:4:   elwin_shoals_entry_rooms, guppyfry_snake_entry_garden,
          nicolae_volcano_entry_batcave, uniq_sonja
Volcano:  volcano_caves

Skill      XL: |  1  2  3  4  5  6  7  8  9 10 11 12 13 |
---------------+----------------------------------------+-----
Polearms       | 3 4 6 7 10 11 12 | 12.9
Shields        | 4 5 7 8 9 11 | 11.8
Fighting       | 4 5 6 7 8 9 |  9.0
Dodging        | 4 5 6 7 8 |  8.6
Evocations     | 3 |  3.1
Stealth        | 4 5 |  5.0
Spellcasting   | 4 |  4.0
Summonings     | 4 |  4.5

Action                   |  1- 3 |  4- 6 |  7- 9 | 10-12 | 13-15 || total
-------------------------+-------+-------+-------+-------+-------++-------
Melee: Trident           |    92 |   103 |   336 |   999 |   168 ||  1698
       Constrict         |    24 |    25 |    44 |   102 |    11 ||   206
       Tentacles         |    17 |    17 |    46 |   210 |    31 ||   321
Throw: Stone             |       |       |     3 |       |       ||     3
 Cast: Call Canine Famil |       |       |       |     4 |       ||     4
       Summon Small Mamm |       |       |       |     1 |       ||     1
       Call Imp          |       |       |       |     1 |       ||     1
Invok: Call Merchant     |       |       |       |     2 |       ||     2
 Abil: Evoke Berserk Rag |       |       |       |     6 |     1 ||     7
Evoke: Wand              |       |       |     1 |    44 |    11 ||    56
       Lamp of fire      |       |       |       |     1 |     1 ||     2
  Use: Scroll            |    10 |     4 |     6 |     6 |     5 ||    31
       Potion            |       |     1 |     2 |     4 |       ||     7
 Stab: Sleeping          |     5 |     4 |     1 |    27 |     3 ||    40
       Distracted        |     1 |     1 |     1 |     3 |       ||     6
       Paralysed         |       |       |     6 |    24 |    13 ||    43
       Confused          |       |       |       |     3 |     6 ||     9
  Eat: Chunk             |     2 |       |       |       |       ||     2
       Ration            |       |     1 |     4 |    11 |     3 ||    19
Armor: Skin              |     4 |       |     7 |    15 |     3 ||    29
Dodge: Dodged            |    29 |    17 |    69 |   246 |    39 ||   400
Block: Shield            |    24 |    39 |    90 |   430 |    69 ||   652

Table legend:
 A = Spawn XP
 B = Non-spawn XP
 C = Spawn XP percentage of total XP
 D = Spawn monster count
 E = Non-spawn monster count
 F = Spawn count percentage of total count
 G = Total turns spent on level
                    A         B        C        D         E        F      G
               +---------+---------+-------+---------+---------+-------+---------
         Total |       0 |   39393 |   0.0 |       0 |     403 |   0.0 | 18852
               +---------+---------+-------+---------+---------+-------+---------
           D:1 |       0 |      41 |   0.0 |       0 |      24 |   0.0 |   699
           D:2 |       0 |      23 |   0.0 |       0 |      11 |   0.0 |   640
           D:3 |       0 |     348 |   0.0 |       0 |      50 |   0.0 |  1237
           D:4 |       0 |     757 |   0.0 |       0 |      16 |   0.0 |   696
           D:5 |       0 |     815 |   0.0 |       0 |      24 |   0.0 |  1324
           D:6 |       0 |    1096 |   0.0 |       0 |      24 |   0.0 |   848
           D:7 |       0 |    2871 |   0.0 |       0 |      41 |   0.0 |  1657
           D:8 |       0 |    1929 |   0.0 |       0 |      40 |   0.0 |  1260
           D:9 |       0 |    4225 |   0.0 |       0 |      34 |   0.0 |  1791
          D:10 |       0 |    6194 |   0.0 |       0 |      47 |   0.0 |  1991
        Lair:1 |       0 |    4844 |   0.0 |       0 |      22 |   0.0 |  1608
        Lair:2 |       0 |    8415 |   0.0 |       0 |      43 |   0.0 |  3144
        Lair:3 |       0 |    5341 |   0.0 |       0 |      19 |   0.0 |  1680
        Lair:4 |       0 |    1507 |   0.0 |       0 |       5 |   0.0 |   257
       Volcano |       0 |     987 |   0.0 |       0 |       3 |   0.0 |    20
               +---------+---------+-------+---------+---------+-------+---------
